 Dungeon Crawl Stone Soup version 0.28-a0-80-g9707f7362f (webtiles) character file.

Game seed: 10191650953526782090

36 Sweetruy1997 the Vexing (level 3, 0/24 HPs)
             Began as a Vampire Enchanter on Aug 5, 2021.
             Slain by a quokka (5 damage)
             ... on level 1 of the Dungeon.
             The game lasted 00:04:15 (628 turns).

Sweetruy1997 the Vexing (Vampire Enchanter)          Turns: 628, Time: 00:04:16

Health: 0/24       AC:  2    Str:  7    XL:     3   Next: 19%
Magic:  1/6        EV: 12    Int: 18    God:
Gold:   9          SH:  0    Dex: 14    Spells: 3/6 levels left

rFire   . . .      SeeInvis +   a - +1 dagger
rCold   . . .      Faith    .   (no shield)
rNeg    . . .      Spirit   .   b - +0 robe
rPois   .          Reflect  .   (no helmet)
rElec   .          Harm     .   (no cloak)
rCorr   .          Rampage  .   (no gloves)
Will    .....                   (no boots)
Stlth   +++.......              (no amulet)
HPRegen 0.28/turn               (no ring)
MPRegen 0.10/turn               (no ring)

@: healing quickly
A: alive, fangs 3, see invisible, vampiric 2
a: Exsanguinate


You were on level 1 of the Dungeon.
You visited 1 branch of the dungeon, and saw 1 of its levels.

You collected 9 gold pieces.

Inventory:

Hand Weapons
 a - a +1 dagger (weapon)
Armour
 b - a +0 robe (worn)
Scrolls
 c - a scroll of identify {unknown}


   Skills:
 + Level 0.2 Fighting
 + Level 1.1 Short Blades
 + Level 2.3 Dodging
 - Level 5.0 Stealth
 + Level 2.2 Spellcasting
 + Level 5.4 Hexes
 + Level 0.2 Ice Magic


You had 3 spell levels left.
You knew the following spells:

 Your Spells              Type           Power      Damage    Failure   Level
a - Corona                Hex            23%        N/A       1%          1
b - Ensorcelled Hibernat  Hex/Ice        24%        N/A       9%          2

Your spell library contained the following spells:

 Spells                   Type           Power      Damage    Failure   Level
 Confusing Touch          Hex            21%        N/A       6%          3
 Tukima's Dance           Hex            21%        N/A       6%          3
 Dazzling Flash           Conj/Hex       22%        N/A       17%         3


Dungeon Overview and Level Annotations

Branches:
Dungeon (1/15)

Altars:


Innate Abilities, Weirdness & Mutations

Your natural rate of healing is accelerated.
You have razor-sharp teeth.
You have supernaturally acute eyesight. (SInv)
You are afflicted with vampirism and can become a bat while bloodless.


Message History

Press: ? - help, Shift-Dir - straight line, f/p - quokka
Aim: a quokka (lightly wounded, softly glowing, chance to affect: 61%)
The quokka resists with significant effort.
The quokka closely misses you.
Unknown command.
Casting: Ensorcelled Hibernation (safe; 9% risk of failure)
Confirm with . or Enter, or press ? or * to list all spells.
Aiming: Ensorcelled Hibernation (safe; 9% risk of failure)
Press: ? - help, Shift-Dir - straight line, f/p - quokka
Aim: a quokka (lightly wounded, softly glowing, chance to affect: 61%)
The quokka resists with significant effort.
The quokka misses you. x2
Casting: Ensorcelled Hibernation (safe; 9% risk of failure)
Confirm with . or Enter, or press ? or * to list all spells.
You don't have enough magic to cast this spell.
Unknown command.
Casting: Ensorcelled Hibernation (safe; 9% risk of failure)
Confirm with . or Enter, or press ? or * to list all spells.
Aiming: Corona (safe; 1% risk of failure)
Press: ? - help, Shift-Dir - straight line, f/p - quokka
Aim: a quokka (softly glowing, chance to affect: 76%)
The quokka glows brighter.
The quokka misses you.
You hit the quokka but do no damage. The quokka bites you.
* * * LOW HITPOINT WARNING * * *
You hit the quokka but do no damage. The quokka closely misses you.
You hit the quokka but do no damage. The quokka misses you.
You hit the quokka.
The quokka is heavily wounded.
The quokka bites you but does no damage.
You hit the quokka. You bite the quokka, but do no damage.
The quokka is severely wounded.
The quokka barely misses you.
You hit the quokka. You bite the quokka, but do no damage.
The quokka is almost dead.
The quokka bites you.
* * * LOW HITPOINT WARNING * * *
You barely miss the quokka.
The quokka is almost dead.
The quokka bites you.
You die...

########## ## #........##
#.. ####.....$.... #..
!............ #..
######..r....... #..
......)@†...^.... ..
...###$........... .. .
.................. #.
.....##............. #.
.....####..#......#####§♣
..#....)..#......##§§§♣.
..######.........#♣§♣§♣8
#..................#
♣§♣8.
.....#.................#♣
♣§8..


You could see a quokka (corona).

Vanquished Creatures
  A gnoll (D:1)
  4 ball pythons (D:1)
  2 giant cockroaches (D:1)
  4 goblins (D:1)
  A hobgoblin (D:1)
  4 jackals (D:1)
  A quokka (D:1)
  3 bats (D:1)
  3 kobolds (D:1)
  2 rats (D:1)
25 creatures vanquished.

Notes
Turn   | Place    | Note
-------+----------+-------------------------------------------
     0 | D:1      | Sweetruy1997 the Vampire Enchanter began the quest for the
                  | Orb.
     0 | D:1      | Reached XP level 1. HP: 13/13 MP: 3/3
    80 | D:1      | Reached XP level 2. HP: 19/19 MP: 5/5
   171 | D:1      | Reached skill level 5 in Hexes
   262 | D:1      | Reached skill level 5 in Stealth
   299 | D:1      | Learned a level 2 spell: Ensorcelled Hibernation
   458 | D:1      | Found a faded altar of an unknown god.
   466 | D:1      | Gained mutation: You are afflicted with vampirism and can
                  | become a bat while bloodless. [Vampire growth]
   466 | D:1      | Reached XP level 3. HP: 24/24 MP: 2/6
   628 | D:1      | Slain by a quokka

Illustrated notes

Levels and vault maps discovered:
D:1:      heliophobic_arrival_enchanted_forest, layout_basic,
          hellmonk_ecumenical_altar_run_dry, chequers_serial_rivers_micro_e

Skill      XL: |  1  2 |
---------------+-------+-----
Hexes          | 5 |  5.4
Stealth        | 5 |  5.0
Fighting       | |  0.2
Short Blades   | |  1.1
Dodging        | |  2.3
Spellcasting   | |  2.2
Ice Magic      | |  0.2

Action                   || total
-------------------------++-------
Melee: Dagger            ||   107
       Bite              ||    10
 Cast: Corona            ||    23
       Ensorcelled Hiber ||     7
 Stab: Sleeping          ||     8
Armor: Robe              ||    25
Dodge: Dodged            ||   115

Table legend: (Time is in decaauts)
 A = Elapsed time spent in this place.
 B = Non-inter-level travel time spent in this place.
 C = Inter-level travel time spent in this place.
 D = Time resting spent in this place.
 E = Time spent auto-exploring this place.
 F = Levels seen in this place.
 G = Mean time per level.
                   A        B        C        D        E       F      G
               +--------+--------+--------+--------+--------+-----+--------+
         Total |    622 |    622 |      0 |    124 |    252 |   1 |  622.0 |
       Dungeon |    622 |    622 |      0 |    124 |    252 |   1 |  622.0 |
               +--------+--------+--------+--------+--------+-----+--------+

Top non-repeatable levels by time:
     D:1: 622 daAuts
